 Dungeon Crawl Stone Soup version 0.28-a0-938-gbc3f381ebc (webtiles) character file.

Game seed: 16275316800384952613

68 mcbry74 the Chopper (level 4, -7/39 HPs)
             Began as a Hill Orc Fighter on Nov 28, 2021.
             Mangled by an ogre (14 damage)
             ... on level 4 of the Dungeon.
             The game lasted 00:02:02 (365 turns).

mcbry74 the Chopper (Hill Orc Fighter)               Turns: 365, Time: 00:02:03

Health: -7/39      AC:  7    Str: 19    XL:     4   Next: 19%
Magic:  4/4        EV:  9    Int:  8    God:
Gold:   55         SH:  4    Dex: 10    Spells: 3/3 levels left

rFire   . . .      SeeInvis .   a - +0 war axe
rCold   . . .      Faith    .   c - +0 buckler
rNeg    . . .      Spirit   .   b - +0 scale mail
rPois   .          Reflect  .   (no helmet)
rElec   .          Harm     .   (no cloak)
rCorr   .          Rampage  .   (no gloves)
Will    .....                   (no boots)
Stlth   ..........              (no amulet)
HPRegen 0.13/turn               (no ring)
MPRegen 0.09/turn               (no ring)

@: mighty
A: no striking features
a: no special abilities


You were on level 4 of the Dungeon.
You visited 1 branch of the dungeon, and saw 4 of its levels.

You collected 55 gold pieces.

Inventory:

Hand Weapons
 a - a +0 war axe (weapon)
 i - a +0 war axe
Armour
 b - a +0 scale mail (worn)
 c - a +0 buckler (worn)
 g - a +0 pair of gloves
Jewellery
 e - a ring of flight
Scrolls
 f - a scroll of magic mapping {unknown}
 h - a scroll of blinking {unknown}


   Skills:
 - Level 3.6 Fighting
 * Level 5.0 Axes
 - Level 4.1 Armour
 - Level 3.2 Shields


You had 3 spell levels left.
You didn't know any spells.
Your spell library contained the following spells:

 Spells                   Type           Power      Damage    Failure   Level
 Dazzling Flash           Conj/Hex       0%         N/A       99%         3
 Agony                    Necr           0%         N/A       100%        5
 Silence                  Hex/Air        0%         N/A       100%        5


Dungeon Overview and Level Annotations

Branches:
Dungeon (4/15)
 Temple: D:4-7

Altars:


Message History

The iguana is severely wounded.
You barely miss the howler monkey skeleton.
The iguana bites you but does no damage.
The howler monkey skeleton closely misses you.
You hit the iguana but do no damage.
The iguana is severely wounded.
You slash the howler monkey skeleton! The iguana bites you.
The howler monkey skeleton hits you. The iguana bites you.
You hit the iguana but do no damage.
The iguana is severely wounded.
You barely miss the howler monkey skeleton.
The howler monkey skeleton closely misses you.
The iguana barely misses you.
You block the howler monkey skeleton's attack.
You hit the iguana.
You kill the iguana!
You hit the howler monkey skeleton. The howler monkey skeleton hits you.
Your Armour skill increases to level 4!
You have reached level 4!
You slash the howler monkey skeleton!
You destroy the howler monkey skeleton!
Your Axes skill increases to level 5!
You see here an iguana corpse.
A hobgoblin comes into view.
An ogre comes into view. It is wielding a +0 giant club.
The ogre shouts!
You block the hobgoblin's attack.
You hit the hobgoblin.
The hobgoblin is almost dead.
You hit the ogre.
The ogre hits you with a +0 giant club!!
* * * LOW HITPOINT WARNING * * *
The hobgoblin barely misses you.
Things that are here:
a +0 dagger; a kobold corpse You see here an orc corpse.
Items here: ( ))) [[ †.
You feel very mighty all of a sudden. The ogre hits you with a +0 giant club!
You die...

#......#####
#......#
######)#
#......#
#.###### #.#
#g# #O# #@#
#.# #<# ###


You could see an ogre and a hobgoblin.

Vanquished Creatures
  An iguana (D:4)
  A howler monkey skeleton (D:4)
  An adder (D:2)
  4 orcs (D:4)
  A bat (D:2)
  3 giant cockroaches (D:2)
  A quokka (D:2)
  5 ball pythons
  3 kobolds
20 creatures vanquished.

Notes
Turn   | Place    | Note
-------+----------+-------------------------------------------
     0 | D:1      | mcbry74 the Hill Orc Fighter began the quest for the Orb.
     0 | D:1      | Reached XP level 1. HP: 19/19 MP: 1/1
   154 | D:2      | Reached skill level 3 in Axes
   178 | D:2      | Reached XP level 2. HP: 26/26 MP: 2/2
   272 | D:3      | Reached skill level 4 in Axes
   296 | D:4      | Reached XP level 3. HP: 24/31 MP: 3/3
   327 | D:4      | Reached XP level 4. HP: 21/39 MP: 4/4
   328 | D:4      | Reached skill level 5 in Axes
   349 | D:4      | Noticed an ogre
   365 | D:4      | Mangled by an ogre

Illustrated notes

Levels and vault maps discovered:
D:1:      evilmike_arrival_crescent, layout_loops_ring
D:2:      layout_basic
D:3:      layout_loops_ring, shapermc_ecumenical_altar_hornbeckon
D:4:      layout_basic

Skill      XL: |  1  2  3  4 |
---------------+-------------+-----
Axes           | 3 4 5 |  5.0
Armour         | 4 |  4.1
Fighting       | |  3.6
Shields        | |  3.2

Action                   |  1- 3 |  4- 6 || total
-------------------------+-------+-------++-------
Melee: War axe           |    42 |     2 ||    44
  Use: Potion            |       |     1 ||     1
Armor: Scale mail        |    17 |       ||    17
Dodge: Dodged            |    28 |     1 ||    29
Block: Buckler           |     8 |     1 ||     9

Table legend: (Time is in decaauts)
 A = Elapsed time spent in this place.
 B = Non-inter-level travel time spent in this place.
 C = Inter-level travel time spent in this place.
 D = Time resting spent in this place.
 E = Time spent auto-exploring this place.
 F = Levels seen in this place.
 G = Mean time per level.
                   A        B        C        D        E       F      G
               +--------+--------+--------+--------+--------+-----+--------+
         Total |    379 |    379 |      0 |      0 |    155 |   4 |   94.8 |
       Dungeon |    379 |    379 |      0 |      0 |    155 |   4 |   94.8 |
               +--------+--------+--------+--------+--------+-----+--------+

Top non-repeatable levels by time:
     D:2: 177 daAuts
     D:4: 95 daAuts
     D:1: 84 daAuts
     D:3: 22 daAuts
